 Dungeon Crawl Stone Soup version 0.26-a0-639-g72c4674 (webtiles) character file.

Game seed: 2955739886435238837

5257 smeego the Sneak (level 10, -7/68 HPs)
             Began as an Octopode Fighter on Sept 19, 2020.
             Was a Believer of Dithmenos.
             Mangled by an orc warrior
             ... wielding a +0 hand axe
              (13 damage)
             ... on level 9 of the Dungeon.
             The game lasted 00:14:11 (13955 turns).

smeego the Sneak (Octopode Fighter)                Turns: 13955, Time: 00:14:12

Health: -7/68      AC:  1    Str: 19    XL:     10   Next: 62%
Magic:  13/13      EV: 14    Int: 11    God:    Dithmenos [**....]
Gold:   682        SH: 10    Dex: 11    Spells: 11/13 levels left

rFire    . . .     SeeInvis .   a - +0 long sword
rCold    + + .     Faith    +   b - +0 kite shield
rNeg     . . .     Spirit   .   (helmet restricted)
rPois    .         Reflect  .   l - amulet of faith
rElec    .         Harm     .   f - ring of wizardry
rCorr    .         Rampage  .   m - ring of protection from cold
MR       .....                  u - ring of protection from cold
Stlth    +++++.....             (no ring)
HPRegen  0.21/turn              (no ring)
MPRegen  0.13/turn              (no ring)
                                (no ring)
                                (no ring)

@: wreathed by umbra
A: almost no armour, stealthy swim, amphibious, 8 rings, constrict 8, camouflage
1, gelatinous body 1
a: Shadow Step, Renounce Religion


You were on level 9 of the Dungeon.
You worshipped Dithmenos.
Dithmenos was pleased with you.
You visited 1 branch of the dungeon, and saw 10 of its levels.
You also visited: Sewer.

You collected 682 gold pieces.

Inventory:

Hand Weapons
 a - a +0 long sword (weapon)
 r - a +0 dagger of chaos
 B - a +0 dagger of venom
Missiles
 z - 3 boomerangs (quivered)
 A - 7 curare-tipped darts
Armour
 b - a +0 kite shield (worn)
Magical Staves
 d - an uncursed staff of conjuration
 C - an uncursed staff of conjuration
Jewellery
 f - a ring of wizardry (left tentacle)
 l - an amulet of faith (around mantle)
 m - a ring of protection from cold (right tentacle)
 u - a ring of protection from cold (on tentacle)
 H - an uncursed amulet of guardian spirit {unknown}
Wands
 x - a wand of digging (3)
Scrolls
 g - 4 scrolls of remove curse
 i - 2 scrolls of fear
 q - 2 scrolls of teleportation
 s - 3 scrolls of magic mapping
 v - 2 scrolls of amnesia {unknown}
 w - a scroll of random uselessness {unknown}
 y - a scroll of enchant weapon {unknown}
 D - a scroll of blinking {unknown}
 F - a scroll of holy word {unknown}
 G - a scroll of enchant armour {unknown}
 I - a scroll of immolation {unknown}
Potions
 c - a potion of might
 e - 2 potions of flight
 h - 2 potions of degeneration
 j - a potion of magic
 n - a potion of heal wounds
 o - 3 potions of cancellation
 p - 7 potions of curing
 t - a potion of stabbing


   Skills:
 + Level 6.0 Fighting
 * Level 6.5 Long Blades
 + Level 3.2 Throwing
 + Level 6.2 Dodging
 + Level 7.4 Stealth
 + Level 6.1 Shields
 + Level 4.1 Unarmed Combat
 - Level 2.4 Spellcasting
 - Level 4.0 Transmutations
 + Level 4.2 Invocations
 + Level 3.2 Evocations


You had 11 spell levels left.
You knew the following spells:

 Your Spells              Type           Power        Failure   Level
a - Wereblood             Tmut           ##......     11%         2

Your spell library contained the following spells:

 Spells                   Type           Power        Failure   Level
 Beastly Appendage        Tmut           ##....       7%          1
 Animate Skeleton         Necr           #.....       32%         1
 Pain                     Necr           #...         32%         1
 Spider Form              Tmut/Pois      #.........   41%         3
 Vampiric Draining        Necr           #.........   67%         3
 Ice Form                 Ice/Tmut       #.......     80%         4
 Blade Hands              Tmut           ##........   86%         5
 Animate Dead             Necr           #.........   96%         4
 Agony                    Necr           #.......     100%        5


Dungeon Overview and Level Annotations

Branches:
Dungeon (10/15)            Temple (0/1) D:7           Sewer (visited)
   Lair: D:8-11         Orc: D:9-12

Altars:
Cheibriados
Dithmenos
Elyvilon
Makhleb
Nemelex Xobeh
Okawaru
Qazlal
Sif Muna
Vehumet
Xom
The Shining One
Jiyva

Annotations:
D:5 1 runed translucent door, Crazy Yiuf


Innate Abilities, Weirdness & Mutations

You cannot wear most types of armour.
You are very stealthy in the water. (Stealth+)
You are amphibious.
You can wear up to eight rings at the same time.
You can use your tentacles to constrict eight enemies at once.
Your skin changes colour to match your surroundings (Stealth+).
Your rubbery body absorbs attacks. (AC +1, EV +1)


Message History

You constrict the orc warrior.
The orc warrior hits you with a +0 hand axe!!
* * * LOW HITPOINT WARNING * * *
You hit the orc warrior.
The orc warrior is severely wounded.
You constrict the orc warrior, but do no damage.
The orc warrior hits you with a +0 hand axe!
* * * LOW HITPOINT WARNING * * *
Unknown command.
Okay, then.
You completely miss the orc warrior.
The orc warrior is severely wounded.
You constrict the orc warrior, but do no damage.
You block the orc warrior's attack.
Unknown command.
You hit the orc warrior but do no damage.
The orc warrior is severely wounded.
You constrict the orc warrior!
The orc warrior hits you with a +0 hand axe!
You die...

######## ######## #######
#......# ###....... ......#
#......# ##.'....... ......#
#...o@.#####..#(......
......######.....>#<....##...^...
......'..[..........######>......
......######......### #.......
......# #......# #....... ......#
#......# #######' #'#####
###...### #. ..# ###...#####
########## ### #.........#
####.........


You could see an orc warrior.

Vanquished Creatures
  A two-headed ogre (D:7)
  Pikel (D:6)
  A kobold demonologist (D:9)
  A gargoyle (D:10)
  A hippogriff (D:7)
  3 orc warriors
  An ice beast (D:7)
  A sky beast (D:8)
  A black bear (D:7)
  An ogre (D:4)
  5 centaurs
  A lemure (D:6)
  4 big kobolds (Sewer)
  3 bullfrogs
  A scorpion (D:6)
  10 killer bees
  3 howler monkeys (D:9)
  An electric eel (D:6)
  A crimson imp (D:3)
  3 hounds (D:8)
  An orc priest (D:3)
  2 bullfrog skeletons
  6 jellies
  7 orc wizards
  2 centaur skeletons
  3 iguanas
  8 worker ants
  A hound zombie (D:7)
  A hound skeleton (D:8)
  A worker ant zombie (D:5)
  4 gnolls (D:2)
  A howler monkey skeleton (D:7)
  13 adders
  4 river rats
  A white imp (D:8)
  3 oozes (Sewer)
  An adder skeleton (D:6)
  6 worms
  A dart slug (D:1)
  2 leopard geckos (D:2)
  14 orcs
  6 ball pythons
  8 giant cockroaches
  6 goblins
  11 hobgoblins
  9 jackals
  3 quokkas
  12 bats
  3 frilled lizards
  A jackal zombie (D:6)
  15 kobolds
  A quokka skeleton (D:5)
  A quokka zombie (D:8)
  7 rats
209 creatures vanquished.

Vanquished Creatures (others)
  A leopard gecko (D:2)
1 creature vanquished.

Grand Total: 210 creatures vanquished

Notes
Turn   | Place    | Note
-------+----------+-------------------------------------------
     0 | D:1      | smeego the Octopode Fighter began the quest for the Orb.
     0 | D:1      | Reached XP level 1. HP: 16/16 MP: 1/1
    79 | D:1      | Reached XP level 2. HP: 14/21 MP: 2/2
   431 | D:1      | Reached skill level 1 in Stealth
   431 | D:1      | Reached XP level 3. HP: 22/26 MP: 3/3
   884 | D:2      | Reached skill level 1 in Unarmed Combat
  1288 | D:2      | Found a stormy altar of Qazlal.
  1319 | D:2      | Reached XP level 4. HP: 31/31 MP: 4/4
  1455 | D:2      | Found a shimmering blue altar of Sif Muna.
  1814 | D:2      | Reached skill level 2 in Stealth
  1822 | D:2      | Reached XP level 5. HP: 27/36 MP: 5/5
  2872 | D:3      | Found a glowing drain.
  2887 | Sewer    | Entered a sewer
  3010 | Sewer    | Noticed a big kobold
  3010 | Sewer    | Noticed a big kobold
  3019 | Sewer    | Killed a big kobold
  3019 | Sewer    | Reached skill level 3 in Stealth
  3019 | Sewer    | Reached XP level 6. HP: 40/43 MP: 6/6
  3234 | Sewer    | Reached XP level 7. HP: 38/47 MP: 7/7
  4073 | D:3      | Found a shimmering altar of Xom.
  4074 | D:3      | Found a burning altar of Makhleb.
  4242 | D:4      | Learned a level 2 spell: Wereblood
  4259 | D:4      | Reached skill level 4 in Stealth
  4467 | D:4      | Found an iron altar of Okawaru.
  4480 | D:4      | Reached skill level 1 in Transmutations
  4753 | D:4      | Reached skill level 1 in Spellcasting
  5071 | D:5      | Entered Level 5 of the Dungeon
  5424 | D:5      | Found a runed translucent door.
  5425 | D:5      | Noticed Crazy Yiuf
  5613 | D:5      | Found a shadowy altar of Dithmenos.
  5649 | D:5      | Became a worshipper of Dithmenos the Shadowed
  5665 | D:5      | Reached XP level 8. HP: 51/54 MP: 9/9
  6603 | D:6      | Reached skill level 1 in Invocations
  6880 | D:6      | Noticed Pikel
  6891 | D:6      | Killed Pikel
  6891 | D:6      | Reached skill level 5 in Dodging
  6891 | D:6      | Reached skill level 5 in Stealth
  7147 | D:6      | Found a white marble altar of Elyvilon.
  7261 | D:6      | Reached XP level 9. HP: 28/60 MP: 12/12
  7564 | D:6      | Found a radiant altar of Vehumet.
  8328 | D:6      | Reached skill level 5 in Fighting
  8328 | D:6      | Reached skill level 5 in Shields
  8336 | D:7      | Found a sparkling altar of Nemelex Xobeh.
  8384 | D:7      | Reached skill level 1 in Throwing
  8758 | D:7      | HP: 2/61 [bullfrog (8)]
  8763 | D:7      | Reached skill level 6 in Stealth
  9003 | D:7      | Noticed a two-headed ogre
  9097 | D:9      | Noticed a kobold demonologist
  9112 | D:9      | Killed a kobold demonologist
  9112 | D:9      | Reached skill level 5 in Long Blades
  9112 | D:9      | Reached skill level 1 in Evocations
  9597 | D:9      | Noticed a two-headed ogre
  9629 | D:10     | Entered Level 10 of the Dungeon
  9676 | D:10     | Noticed a gargoyle
  9733 | D:8      | Reached * piety under Dithmenos
 10916 | D:8      | Found a viscous altar of Jiyva.
 11425 | D:8      | Reached XP level 10. HP: 66/66 MP: 13/13
 11877 | D:7      | Killed a two-headed ogre
 11877 | D:7      | Reached skill level 7 in Stealth
 12358 | D:7      | Found a glowing golden altar of the Shining One.
 12438 | D:7      | Found a staircase to the Ecumenical Temple.
 12543 | D:7      | Found a snail-covered altar of Cheibriados.
 13215 | D:10     | Killed a gargoyle
 13748 | D:10     | Reached ** piety under Dithmenos
 13955 | D:9      | Mangled by an orc warrior

Illustrated notes

Levels and vault maps discovered:
D:1:      giann_wishing_wells, layout_rooms, minivault_24, supply_closet_lemuel
D:2:      layout_loops_corners, nicolae_overflow_hidden_temple,
          grunt_qazlal_clouds
D:3:      layout_rooms, grunt_temple_overflow_champion_of_chaos,
          portal_sewer_entry_a
D:4:      layout_rooms, okawaru_metal_pillars_1_2
D:5:      layout_basic, nicolae_dithmenos_shadow_blocks, uniq_crazy_yiuf_cottage
D:6:      cheibrodos_helix_gallery, layout_loops_corners, lemuel_round_altar,
          kennysheep_little_box, uniq_pikel
D:7:      layout_basic, tso_oasis_becter, nicolae_overflow_crystal_walls,
          lemuel_crystal_altar, minmay_temple_entry_large_hall, zaba_anthole
D:8:      layout_rooms, jiyva_altar_1
D:9:      layout_roguey
D:10:     layout_grid_maze, lair_entry_dummy, david_orc_3, minmay_starry_boxes,
          uniq_joseph

Skill      XL: |  1  2  3  4  5  6  7  8  9 10 |
---------------+-------------------------------+-----
Stealth        | 1 2 3 4 5 6 7 |  7.4
Unarmed Combat | 1 2 3 4 |  4.1
Long Blades    | 3 4 5 6 |  6.5
Fighting       | 4 5 6 |  6.0
Dodging        | 4 5 6 |  6.2
Shields        | 4 5 6 |  6.1
Transmutations | 1 3 4 |  4.0
Spellcasting   | 1 2 |  2.4
Invocations    | 2 3 4 |  4.2
Throwing       | 2 3 |  3.2
Evocations     | 2 3 |  3.2

Action                   |  1- 3 |  4- 6 |  7- 9 | 10-12 || total
-------------------------+-------+-------+-------+-------++-------
Melee: Long sword        |    56 |    96 |   261 |    59 ||   472
       Constrict         |    19 |    32 |    55 |    19 ||   125
       Tentacles         |     9 |    30 |    62 |    27 ||   128
       Punch             |       |     3 |    10 |     5 ||    18
       Dagger            |       |       |     6 |    44 ||    50
       Unarmed           |       |       |       |     3 ||     3
Throw: Boomerang         |       |       |     4 |     5 ||     9
       Dart              |       |       |     3 |    16 ||    19
 Cast: Wereblood         |       |       |     1 |       ||     1
Evoke: Wand              |       |       |     2 |     1 ||     3
  Use: Scroll            |       |     5 |     7 |     3 ||    15
       Potion            |       |       |     8 |     1 ||     9
 Stab: Sleeping          |     3 |    13 |    27 |       ||    43
       Distracted        |       |       |       |     1 ||     1
Armor: Skin              |     8 |     4 |    24 |     1 ||    37
Dodge: Dodged            |    35 |    32 |   126 |    43 ||   236
Block: Kite shield       |    29 |    35 |   128 |    42 ||   234
       Rpst.: Long sword |     8 |    11 |    28 |     6 ||    53

Table legend: (Time is in decaauts)
 A = Elapsed time spent in this place.
 B = Non-inter-level travel time spent in this place.
 C = Inter-level travel time spent in this place.
 D = Time resting spent in this place.
 E = Time spent auto-exploring this place.
 F = Levels seen in this place.
 G = Mean time per level.
                   A        B        C        D        E       F      G
               +--------+--------+--------+--------+--------+-----+--------+
         Total |  14064 |  13304 |    760 |   3961 |   7384 |  11 | 1278.5 |
       Dungeon |  13038 |  12278 |    760 |   3961 |   6593 |  10 | 1303.8 |
         Sewer |   1026 |   1026 |      0 |      0 |    791 |   1 | 1026.0 |
               +--------+--------+--------+--------+--------+-----+--------+

Top non-repeatable levels by time:
     D:6: 2043 daAuts
     D:7: 1976 daAuts
     D:2: 1636 daAuts
     D:8: 1628 daAuts
     D:9: 1212 daAuts
     D:5: 1204 daAuts
   Sewer: 1026 daAuts
     D:4: 914 daAuts
     D:1: 833 daAuts
    D:10: 802 daAuts
     D:3: 786 daAuts
